 Dungeon Crawl Stone Soup version 0.30-a0-145-g03d90e2e6d (webtiles) character file.

Game seed: 13435935779085584470

25 qw the Shield-Bearer (level 3, -6/23 HPs)
             Began as a Gargoyle Fighter on Sept 26, 2022.
             Mangled by Sigmund
             ... wielding a +0 scythe
              (13 damage)
             ... on level 2 of the Dungeon.
             The game lasted 00:00:26 (1397 turns).

qw the Shield-Bearer (Gargoyle Fighter)             Turns: 1397, Time: 00:00:27

Health: -6/23      AC:  0    Str: 21    XL:     3   Next: 6%
Magic:  3/3        EV: 17    Int:  8    God:
Gold:   83         SH:  0    Dex: 14    Spells: 2/2 levels left

rFire   . . .      SeeInvis .    (weapon currently unavailable)
rCold   . . .      Faith    .    (shield currently unavailable)
rNeg    + . .      Spirit   .    (body armour currently unavailable)
rPois   inf        Reflect  .    (helmet currently unavailable)
rElec   .          Harm     .    (cloak currently unavailable)
rCorr   .          Rampage  .    (gloves currently unavailable)
Will    .....                    (boots currently unavailable)
Stlth   +.........               (no amulet)
HPRegen 0.07/turn                (ring currently unavailable)
MPRegen 0.08/turn                (ring currently unavailable)

@: bat-form, flying, very quick
A: fast, flying, no casting, sickness immunity, AC +3, tiny, negative energy
resistance 1, (electricity resistance), torment resistance 1, petrification
resistance
a: no special abilities


You were on level 2 of the Dungeon.
You were a bat.
You visited 1 branch of the dungeon, and saw 2 of its levels.

You collected 83 gold pieces.


Innate Abilities, Weirdness & Mutations

You are a bat.
You are tiny and dextrous.
You move quickly.
You are flying.
Your equipment is almost entirely melded.
You are incapable of wielding weapons or throwing items.
You cannot cast spells.
You are immune to sickness and miasma.
((Your stone body is resilient. (AC +3)))
You are immune to poison.
You resist negative energy. (rN+)
((You are resistant to electric shocks. (rElec)))
You are resistant to unholy torment.
You are immune to petrification.


   Skills:
 - Level 3.2 Fighting
 + Level 3.1 Axes
 - Level 3.2 Armour
 - Level 3.2 Shields


You had 2 spell levels left.
You didn't know any spells.
Your spell library was empty.

Inventory:

Hand Weapons
 f - a +0 whip
 Y - a +0 war axe (melded)
Armour
 b - a +0 scale mail (melded)
 c - a +0 buckler (melded)
Potions
 d - 2 potions of might
 h - a potion of curing {unknown}
 i - a potion of berserk rage {unknown}
 j - a potion of cancellation {unknown}

Dungeon Overview and Level Annotations

Branches:
Dungeon (2/15)

Altars:

Shops:
D:1 *==

Annotations:
D:2 Sigmund


Message History

You start waiting.
Sigmund is nearby!
1382 ||| Stepping ~*~*~tactically~*~*~ (hiding).
You start waiting.
Sigmund is nearby!
Sigmund hits you with a +0 scythe.
You hit Sigmund.
Sigmund is lightly wounded.
Sigmund barely misses you.
You slash Sigmund!
Sigmund is heavily wounded.
Sigmund zaps a wand.
You turn into a bat.
Your +0 war axe melds into your body.
Your +0 buckler melds into your body.
Your +0 scale mail melds into your body.
You hit Sigmund but do no damage.
Sigmund is heavily wounded.
Sigmund gestures at you while chanting. The magic dart hits you.
You barely miss Sigmund.
Sigmund is heavily wounded.
Sigmund hits you with a +0 scythe.
You hit Sigmund but do no damage.
Sigmund is heavily wounded.
You barely miss Sigmund.
Sigmund is heavily wounded.
Sigmund mumbles some strange words.
Sigmund flickers and vanishes!
Deactivating autopickup; reactivate with Ctrl-A.
You closely miss something. Something hits you.
You miss something. You hit something but do no damage.
Something barely misses you.
You hit something but do no damage. Something closely misses you.
You hit something. You barely miss something. Something hits you!
Ouch! That really hurt!
You die...

### ..# ####.#
###....#
#......# # ###
#..b.#.#
......#+#{..#.#
..##..........#
#..........#
###........#
...........#
.#........#.#
.. ..@......#.#
# .........## #


There were no monsters in sight!

Vanquished Creatures
  5 ball pythons (D:1)
  2 endoplasms (D:1)
  4 goblins (D:1)
  2 hobgoblins (D:1)
  A quokka (D:1)
  A bat (D:1)
  3 frilled lizards (D:1)
  3 kobolds (D:1)
  2 rats (D:1)
23 creatures vanquished.

Notes
Turn   | Place    | Note
-------+----------+-------------------------------------------
     0 | D:1      | qw the Gargoyle Fighter began the quest for the Orb.
     0 | D:1      | Reached XP level 1. HP: 14/14 MP: 1/1
     0 | D:1      | 0 ||| qw: Version: 0.2-a-10-g399e6c4
     0 | D:1      | 0 ||| qw: Game counter: 505
     0 | D:1      | 0 ||| qw: Always use a shield: true
     0 | D:1      | 0 ||| qw: God list: Okawaru
     0 | D:1      | 0 ||| qw: Allow faded altars: false
     0 | D:1      | 0 ||| qw: Do Orc after D:15 true
     0 | D:1      | 0 ||| qw: Do second Lair branch before Depths: true
     0 | D:1      | 0 ||| qw: Lair rune preference: random
     0 | D:1      | 0 ||| qw: Plans: Normal, Zot:1-4, God:TSO, Crypt, Tomb,
                  | Pan, Slime:5, Hells, Abyss, Orb
     0 | D:1      | 0 ||| PLANNING D:1-11
    72 | D:1      | Found Ciumeap's Jewellery Boutique.
    76 | D:1      | 76 ||| SHOPLISTING +4 ring of protection (504 gold, have
                  | 0).
    76 | D:1      | 76 ||| SHOPLISTING amulet of guardian spirit (420 gold,
                  | have 0).
    76 | D:1      | 76 ||| SHOPLISTING ring of fire (350 gold, have 0).
    76 | D:1      | 76 ||| SHOPLISTING ring of ice (350 gold, have 0).
    76 | D:1      | 76 ||| SHOPLISTING ring of positive energy (280 gold, have
                  | 0).
    76 | D:1      | 76 ||| SHOPLISTING ring of protection from fire (350 gold,
                  | have 0).
    76 | D:1      | 76 ||| SHOPLISTING ring of resist corrosion (280 gold, have
                  | 0).
   118 | D:1      | Found Ypsos's Assorted Antiques.
   137 | D:1      | 137 ||| SHOPLISTING amethyst potion (22 gold, have 15).
   137 | D:1      | 137 ||| SHOPLISTING bubbling white potion (22 gold, have
                  | 15).
   137 | D:1      | 137 ||| SHOPLISTING fizzy yellow potion (22 gold, have 15).
   137 | D:1      | 137 ||| SHOPLISTING plate armour (575 gold, have 15).
   137 | D:1      | 137 ||| SHOPLISTING sparkling copper ring (125 gold, have
                  | 15).
   173 | D:1      | Found Vistoats's Jewellery Shop.
   197 | D:1      | Reached XP level 2. HP: 19/19 MP: 2/2
   216 | D:1      | 216 ||| Stepping ~*~*~tactically~*~*~ (stealth).
   217 | D:1      | 217 ||| Stepping ~*~*~tactically~*~*~ (stealth).
   219 | D:1      | 219 ||| Stepping ~*~*~tactically~*~*~ (stealth).
   221 | D:1      | 221 ||| Stepping ~*~*~tactically~*~*~ (stealth).
   230 | D:1      | 230 ||| Stepping ~*~*~tactically~*~*~ (stealth).
   232 | D:1      | 232 ||| Stepping ~*~*~tactically~*~*~ (stealth).
   610 | D:1      | 610 ||| Stepping ~*~*~tactically~*~*~ (stealth).
   611 | D:1      | 611 ||| Stepping ~*~*~tactically~*~*~ (stealth).
   613 | D:1      | 613 ||| Stepping ~*~*~tactically~*~*~ (stealth).
   617 | D:1      | Reached skill level 3 in Axes
   637 | D:1      | Reached XP level 3. HP: 23/23 MP: 3/3
   655 | D:1      | 655 ||| SHOPLISTING amulet "Buz Bach" {Reflect rF++ rC-
                  | Will++ SH+5} (861 gold, have 83).
   655 | D:1      | 655 ||| SHOPLISTING amulet of reflection (420 gold, have
                  | 83).
   655 | D:1      | 655 ||| SHOPLISTING ring "Suinuwneale" {rElec rCorr Dex+6
                  | Stlth-} (758 gold, have 83).
   655 | D:1      | 655 ||| SHOPLISTING ring of positive energy (280 gold, have
                  | 83).
   655 | D:1      | 655 ||| SHOPLISTING ring of protection from fire (350 gold,
                  | have 83).
   655 | D:1      | 655 ||| SHOPLISTING ring of willpower (350 gold, have 83).
   977 | D:1      | 977 ||| READING scroll labelled NUYHUO ULOE.
   978 | D:1      | 978 ||| READING scroll labelled ADAEFF GUSUNO.
  1036 | D:2      | Noticed Sigmund
  1038 | D:2      | 1038 ||| FLEEEEING.
  1039 | D:2      | 1039 ||| STAIRDANCE
  1152 | D:2      | 1152 ||| STAIRDANCE
  1256 | D:2      | 1256 ||| STAIRDANCE
  1379 | D:2      | 1379 ||| Stepping ~*~*~tactically~*~*~ (hiding).
  1382 | D:2      | 1382 ||| Stepping ~*~*~tactically~*~*~ (hiding).
  1397 | D:2      | Mangled by Sigmund

Levels and vault maps discovered:
D:1:      mrwooster_arrival_statue_3, layout_basic, serial_shops,
          nicolae_shop_hallway_stairs, nicolae_shop_crystal,
          nicolae_shop_statue_plus, moated_statue
D:2:      layout_basic, shapermc_ecumenical_altar_ellora, basic_altar,
          uniq_sigmund

Skill      XL: |  1  2 |
---------------+-------+-----
Axes           | 2 3 |  3.1
Fighting       | |  3.2
Armour         | |  3.2
Shields        | |  3.2

Action                   || total
-------------------------++-------
Melee: War axe           ||    74
       Unarmed           ||    10
  Use: Scroll            ||     2
Armor: Scale mail        ||    31
Dodge: Dodged            ||    30
Block: Buckler           ||    13

Table legend:
 A = Non-vault XP
 B = Vault XP
 C = Vault XP percentage of total XP
 D = Non-vault monster count
 E = Vault monster count
 F = Vault count percentage of total count
                 A         B        C        D         E       F
            +---------+---------+-------+---------+---------+-------
      Total |      37 |       0 |   0.0 |      23 |       0 |   0.0
            +---------+---------+-------+---------+---------+-------
        D:1 |      37 |       0 |   0.0 |      23 |       0 |   0.0
            +---------+---------+-------+---------+---------+-------
